 Dungeon Crawl Stone Soup version 0.17.0-28-g6e173f8 (webtiles) character file.

22 gorblad the Caller (level 2, -3/11 HPs)
             Began as a Felid Summoner on Dec 3, 2015.
             Killed from afar by a white imp (10 damage)
             ... with a puff of frost
             ... summoned by the player character
             ... on level 2 of the Dungeon.
             The game lasted 00:05:03 (1320 turns).

gorblad the Caller (Felid Summoner)                 Turns: 1320, Time: 00:05:03

Health: -3/11      AC:  1    Str:  4    XL:     2   Next: 68%
Magic:  2/7        EV: 18    Int: 16    God:
Gold:   31         SH:  0    Dex: 16    Spells: 2 memorised, 4 levels left
                                        Lives:  0   Deaths: 0

rFire  . . .     SeeInvis +     (weapon unavailable)
rCold  . . .     Clarity  .     (armour unavailable)
rNeg   . . .     SustAt   .     (shield unavailable)
rPois  .         Gourm    .     (helmet unavailable)
rElec  .         Spirit   .     (cloak unavailable)
rCorr  .         Warding  .     (gloves unavailable)
rMut   .         Stasis   .     (boots unavailable)
MR     .....                    (no amulet)
Stlth  +++.......               (no ring)
                                h - ring of invisibility

@: quick, not resistant to hostile enchantments, fairly stealthy
A: no armour, no weapons or thrown items, claws 1, fangs 3, see invisible,
carnivore 3, speed 1, shaggy fur 1, slow metabolism 1, sharp paws
a: Evoke Invisibility


You were on level 2 of the Dungeon.
You were completely stuffed.

You visited 1 branch of the dungeon, and saw 2 of its levels.

You collected 31 gold pieces.

Inventory:

Jewellery
 h - a ring of invisibility (left paw)
Scrolls
 c - a scroll of enchant weapon {unknown}
 d - a scroll of fear {unknown}
 e - a scroll of immolation {unknown}
 g - a scroll of amnesia {unknown}
 i - a scroll of noise {unknown}
 j - 2 scrolls of identify {unknown}
 l - a scroll of teleportation {unknown}
Books
 a - a book of Callings

   Spells                             Type                      Level
   a - Summon Small Mammal            Summoning                    1
   b - Call Imp                       Summoning                    2
   c - Call Canine Familiar           Summoning                    3
   d - Summon Guardian Golem          Hexes/Summoning              3
   e - Summon Lightning Spire         Summoning/Air                4
   f - Summon Ice Beast               Ice/Summoning                4
Comestibles
 b - 2 meat rations
 f - a slice of pizza


   Skills:
 - Level 2.6 Dodging
 - Level 2.6 Stealth
 + Level 3.1 Spellcasting
 - Level 4.0 Summonings


You had 4 spell levels left.
You knew the following spells:

 Your Spells              Type           Power        Failure   Level  Hunger
a - Summon Small Mammal   Summ           ###.         4%          1    None
b - Call Imp              Summ           ###.....     8%          2    ##.....


Dungeon Overview and Level Annotations

Branches:
Dungeon (2/15)

Altars:


Innate Abilities, Weirdness & Mutations

You cannot wear armour.
You are incapable of wielding weapons or throwing items.
You have sharp claws.
You have razor-sharp teeth.
You have supernaturally acute eyesight.
You are carnivorous and can eat meat at any time.
You cover ground quickly.
You are covered in fur (AC +1).
You have a slow metabolism.
Your sharp claws are effective at attacking unaware monsters.


Message History

You scratch the goblin but do no damage.
The bat hits you. The bat completely misses you.
Your crimson imp closely misses the bat.
Your white imp gestures at the bat.
The puff of frost hits the bat.
The bat dies!
The goblin barely misses you.
A kobold comes into view. It is wielding a short sword.
Your crimson imp blinks!
Your white imp hits the goblin.
The goblin dies!
Your white imp gestures at the kobold.
The puff of frost hits the kobold.
The kobold dies!
Your crimson imp blinks!
Your crimson imp misses the kobold.
Your white imp gestures at the kobold.
The puff of frost misses the kobold.
The puff of frost hits you!
Ouch! That really hurt!
You die...

## #.# #...# ## .####
#.# #...# ... ....# #.#
#####...##.## .##.#
##.###...........# .##.#
#.................
.##.###..###...........#
.##........###.#...#...
....<#.#.#.# #.#...#
.###..###..# #.#@..# #
.......# #.# #.#K5.#.#
####.##.# .# #...5...##
#...... # #ยง.5.....#
####[### ##..)..#.# ..
............
#..###.).!...###
#..###..# ... ....


You could see a kobold, 2 friendly crimson imps and a friendly white imp.

Vanquished Creatures
  A bat (D:1)
  2 hobgoblins (D:1)
  A giant newt (D:1)
4 creatures vanquished.

Vanquished Creatures (collateral kills)
  An ooze (D:1)
  A giant gecko (D:2)
  A giant cockroach (D:1)
  3 hobgoblins
  5 bats
  2 giant newts (D:1)
  2 goblins
  2 jackals (D:1)
  3 kobolds
  A rat (D:1)
21 creatures vanquished.

Grand Total: 25 creatures vanquished

Notes
Turn   | Place    | Note
--------------------------------------------------------------
     0 | D:1      | gorblad the Felid Summoner began the quest for the Orb.
     0 | D:1      | Reached XP level 1. HP: 7/7 MP: 4/4
   337 | D:1      | Reached XP level 2. HP: 3/11 MP: 3/6
  1089 | D:1      | Learned a level 2 spell: Call Imp
  1320 | D:2      | Killed from afar by a white imp

Action                   || total
-------------------------++-------
Melee: Unarmed           ||    15
 Cast: Summon Small Mamm ||    53
       Call Imp          ||     9
 Stab: Distracted        ||     1
  Eat: Chunk             ||     9
